[Event "Early-Titled-Tuesday-Blitz-February-06-2024"]
[Site "Chess.com"]
[Date "2024.02.06"]
[Round "2"]
[White "vasblesk"]
[Black "Rdeux42"]
[Result "1-0"]
[WhiteElo "2752"]
[BlackElo "2438"]
[TimeControl "180+1"]
[EndTime "8:18:22 PST"]
[Termination "vasblesk won by resignation"]

1. d4 d5 2. c4 e6 3. Nf3 c6 4.
g3 dxc4 5. Bg2 b5 6. O-O Bb7 7. a4 Nd7 8. e4 Ngf6 9. Qe2 Be7 10. Nc3 b4 11. Nd1 a5 12. Re1 Nb6 13. Bf4 O-O 14.
Ne5 Nfd7 15. Nxc4 Ba6 16. b3 Nxc4 17. bxc4 e5 18. dxe5 g5 19. Be3 Nxe5 20. Nb2 Qd7 21. f4 gxf4 22. gxf4 Ng4 23. Rad1 Qc8 24. Bh3 f5 25.
Bd4 Bh4 26. exf5 Nf6 27. Qe6+ Qxe6 28. fxe6 Bxe1 29. Rxe1 Rae8 30. e7 Rf7 31. Be6 Bc8 32.
Bxf7+ Kxf7 33. Nd3 Rxe7 34. Rxe7+ Kxe7 35. Bb6 Bf5 36. Nb2 Ne4 37. Bxa5 c5 38. Bc7 Kd7 39. Be5 Kc6 40.
Kg2 Nc3 41. Kf3 Bc2 42. a5 Kb7 43. Ke3 Ka6 44. Kd2 Kxa5 45. Bxc3 bxc3+ 46. Kxc3 Bf5 47. Nd3 Kb6 48. Ne5 Kc7 49. h4 Kd6 50. Kd2 Ke6 51. Ke3 Kd6 52. Nf3 h5 53. Ng5 Ke7 54. Ne4 Bxe4 55.
Kxe4 Ke6 56. f5+ Kf6 57. Kf4 Kf7 58. Kg5 Kg7 59. Kxh5 Kf6 60. Kg4 1-0

[Event "Early-Titled-Tuesday-Blitz-February-06-2024"]
[Site "Chess.com"]
[Date "2024.02.06"]
[Round "2"]
[White "ChessQueen"]
[Black "AniJak"]
[Result "0-1"]
[WhiteElo "2694"]
[BlackElo "2399"]
[TimeControl "180+1"]
[EndTime "8:18:22 PST"]
[Termination "AniJak won by resignation"]

1. Nf3 f5 2. d3 d6 3. Nbd2 e5 4. e4 f4 5. d4 Nc6 6. Bb5 Bd7 7. Nc4 exd4 8. Nxd4 Nxd4 9. Bxd7+ Qxd7 10. Qxd4 Qg4 11. O-O Ne7 12. e5 d5 13. Ne3 Qd7 14. Qxf4 Ng6 15.
Qg3 O-O-O 16. Rd1 Bc5 17. Rxd5 Qc6 18. c4 Bxe3 19. Bxe3 Qxc4 20. Rxd8+ Rxd8 21. h3 Qe4 22. Rc1 Qxe5 23. Qg4+ Kb8 24. Qa4 a6 25. Qc4 Qd6 26. Qc3 Qd7 27. Qc5 b6 28. Qc4 Kb7 29. Qe4+ Qd5 30. Qc2 Rd7 31. Qc4 Qxc4 32. Rxc4 c5 33. Rc1 Ne5 34. b3 g6 35. g4 a5 36. Kg2 Kc6 37. f4 Nd3 38. Rc2 Ne1+ 39. Kg3 Nxc2 40.
Bc1 Rd1 41. Bb2 Nd4 42. Kh4 Rd2 43. Bc3 Rg2 44. Kg5 Rxa2 45. h4 Rc2 46. Ba1 Nf3+ 47. Kh6 Nxh4 48. Kxh7 Rg2 49. g5 b5 50. Bc3 a4 51. bxa4 bxa4 52. Be1 Nf3 53. Bc3 Nxg5+ 54. Kxg6 Nh3+ 55. Kf5 Rf2 0-1

[Event "Early-Titled-Tuesday-Blitz-February-06-2024"]
[Site "Chess.com"]
[Date "2024.02.06"]
[Round "2"]
[White "tptagain"]
[Black "JoachimBN"]
[Result "1-0"]
[WhiteElo "2933"]
[BlackElo "2619"]
[TimeControl "180+1"]
[EndTime "8:18:24 PST"]
[Termination "tptagain won on time"]

1. Nf3 b6 2. d4 Bb7 3. Bg5 Nf6 4. e3 g6 5. c4 Bg7 6. Nc3 O-O 7.
Be2 Ne4 8. Nxe4 Bxe4 9. O-O c5 10. Qd2 h6 11. Bh4 d6 12. d5 Bxf3 13. gxf3 Nd7 14.
Rab1 Nf6 15. Bd3 Qd7 16. Kg2 g5 17. Bg3 Nh5 18. Qe2 f5 19. f4 Nf6 20. Qc2 Nh5 21.
Qe2 Nf6 22. Rg1 e5 23. fxe5 dxe5 24. Bxe5 Rae8 25. Bxf6 Rxf6 26. Kh1 Qd6 27. Qh5 Qe5 28.
b3 Re7 29. Rbd1 Rd6 30. h4 Bf6 31. Rg2 Rg7 32. hxg5 hxg5 33. Rh2 Rd8 34. Rg1 Kf8 35. Qh6 Ke7 36. Rh5 Rdg8 37. Rh2 Rg6 38. Qh7+ R8g7 39.
Qh5 Rg8 40. Kg2 Kd6 41. Kf1 R6g7 42. Qd1 f4 43. Rh6 fxe3 44. Qf3 Rf8 45. Qxe3 Qxe3 46. fxe3 Re7 47. Ke2 Kd7 48. Rf1 Bg7 49. Rxf8 Bxf8 50. Bf5+ Kd8 51. Rh8 Rf7 52. Bg6 Rf6 53. e4 Ke7 54.
Bf5 Rh6 55. Rg8 Rh2+ 56. Kf3 Rxa2 57. e5 Kf7 58. Be6+ Ke8 59. d6 Rb2 60. Bd5 Rxb3+ 61. Ke4 1-0

[Event "Early-Titled-Tuesday-Blitz-February-06-2024"]
[Site "Chess.com"]
[Date "2024.02.06"]
[Round "2"]
[White "jens1102"]
[Black "TigrVShlyape"]
[Result "0-1"]
[WhiteElo "2637"]
[BlackElo "2971"]
[TimeControl "180+1"]
[EndTime "8:18:25 PST"]
[Termination "TigrVShlyape won by resignation"]

1. c4 f5 2. g3 Nf6 3. Bg2 g6 4. Nc3 Bg7 5. d3 e5 6. b4 O-O 7. Bb2 d6 8. Nf3 h6 9. O-O g5 10. Nd2 Nc6 11. b5 Ne7 12. a4 Rb8 13. a5 Be6 14. a6 b6 15. e4 f4 16. Nd5 Qd7 17. Nb1 Rf7 18. Nbc3 Ng6 19. Nxf6+ Bxf6 20. Nd5 Bg7 21. d4 exd4 22. Bxd4 Rbf8 23. Bxg7 Rxg7 24. Qd4 f3 25. Bh1 Rgf7 26. Ra3 g4 27. Re1 Ne5 28. Rd1 Qd8 29. Ne3 Qf6 30. Nd5 Qg7 31. Rc3 h5 32. Qe3 Bxd5 33. cxd5 Re7 34. Rdc1 Rff7 35. Qd4 Qg5 36. Qe3 Qxe3 37. Rxe3 Kg7 38. Rec3 Kg6 39. Kf1 h4 40. Kg1 Rh7 41. R1c2 Ref7 42. Rc1 Kg5 43. R1c2 h3 44. Kf1 Kf6 45. Ke1 Rd7 46. Kd2 Rhe7 47.
Ke3 Kg5 48. Rc1 Ng6 49. R1c2 Nf8 50. Rc1 Nh7 51. Kd4 Nf6 52. Re3 Re5 53. Rce1 Rde7 54.
Kd3 Nd7 55. Kd4 Nc5 56. Kc3 Rxe4 57. Rxe4 Rxe4 58. Rf1 Re2 59. Kd4 Kf5 60. Kc4 Ke5 0-1

[Event "Early-Titled-Tuesday-Blitz-February-06-2024"]
[Site "Chess.com"]
[Date "2024.02.06"]
[Round "2"]
[White "Baby_Legs"]
[Black "Fandorine"]
[Result "1/2-1/2"]
[WhiteElo "2642"]
[BlackElo "2958"]
[TimeControl "180+1"]
[EndTime "8:18:25 PST"]
[Termination "Game drawn by agreement"]

1. d4 Nf6 2. c4 e6 3. Nc3 Bb4 4.
Bd2 c5 5. dxc5 O-O 6. Nf3 Bxc5 7.
e3 b6 8. Be2 Bb7 9. O-O Nc6 10.
a3 d5 11. b4 Be7 12. cxd5 Nxd5 13. Nxd5 Qxd5 14. Bc3 Rfd8 15. Qxd5 Rxd5 16. Rfd1 Rad8 17. Kf1 Kf8 18. Ke1 g6 19. Rxd5 Rxd5 20. Rc1 Rd8 21. g4 f5 22. gxf5 exf5 23. b5 Na5 24. Nd4 Bxa3 25.
Ra1 Bd6 26. Ne6+ Ke7 27. Nxd8 Kxd8 28. Kd1 Bxh2 29. Ra4 Bc7 30. Rh4 h5 31. Rd4+ Ke8 32. Bb4 Be5 33. Rh4 Bf6 34. Rh2 Bd5 35. f4 Kf7 36.
Bd3 Nc4 37. Bxc4 Bxc4 38. Kd2 Bxb5 39. Bc3 Be7 40. Be5 Bc6 41. Ke1 h4 42. Rc2 Be4 43.
Rc7 h3 44. Bd6 h2 45. Rxe7+ Kf6 46. Rh7 h1=Q+ 47. Rxh1 Bxh1 48. Kd2 a6 49. Bc7 b5 50.
Kc3 Ke6 51. Kd4 Bd5 52. Ba5 Bc4 53. Bb4 1/2-1/2

[Event "Early-Titled-Tuesday-Blitz-February-06-2024"]
[Site "Chess.com"]
[Date "2024.02.06"]
[Round "2"]
[White "ilushka"]
[Black "Thunderbolt135"]
[Result "0-1"]
[WhiteElo "2411"]
[BlackElo "2694"]
[TimeControl "180+1"]
[EndTime "8:18:26 PST"]
[Termination "Thunderbolt135 won by checkmate"]

1. Nf3 Nf6 2. g3 b6 3. Bg2 Bb7 4. c4 e6 5. O-O Be7 6. d4 O-O 7.
Nc3 Ne4 8. Qc2 f5 9. Ne5 Nd6 10. Bxb7 Nxb7 11. Nd3 Bf6 12. d5 a5 13. Bf4 Na6 14. Rad1 Qe7 15. Nb5 e5 16. Bc1 c6 17.
Nc3 e4 18. Nf4 Be5 19. f3 exf3 20. exf3 Nbc5 21. Rfe1 Qf6 22. Nh5 Qg6 23. Rxe5 Qxh5 24. Kg2 Nb4 25. Qe2 Rae8 26. a3 Rxe5 27. Qxe5 Nbd3 28. Qd4 Nxc1 29. Rxc1 Nb3 30. Qe3 Nxc1 31. Qxc1 Re8 32. Qg1 b5 33. cxb5 cxb5 34. Qb6 b4 35. axb4 axb4 36. Qxb4 Qf7 37. Qd4 Qf6 38. Qd3 Qe5 39. b4 Rb8 40. b5 Rc8 41. Ne2 Qb2 42. Kh3 g6 43. Nf4 Rb8 44. Qe3 Qxb5 45. Qe5 Qf1+ 46. Kh4 Qxf3 47. Qxb8+ Kf7 48. Qd6 Qg4# 0-1

[Event "Early-Titled-Tuesday-Blitz-February-06-2024"]
[Site "Chess.com"]
[Date "2024.02.06"]
[Round "2"]
[White "korkmaz16"]
[Black "rikchessmx"]
[Result "1/2-1/2"]
[WhiteElo "2501"]
[BlackElo "2316"]
[TimeControl "180+1"]
[EndTime "8:18:26 PST"]
[Termination "Game drawn by repetition"]

1. e4 d5 2. exd5 Qxd5 3. Nc3 Qa5 4. d4 Nf6 5. Nf3 Nc6 6. Bb5 a6 7. Bxc6+ bxc6 8. O-O Bg4 9. h3 Bh5 10. g4 Nxg4 11.
hxg4 Bxg4 12. Qd3 Qh5 13. Ne5 Bh3 14. Re1 f6 15. Nxc6 e6 16. Bf4 Bd6 17. Bxd6 cxd6 18.
Qg3 O-O 19. Qxd6 e5 20. Re3 Bg4 21. Rg3 Bf3 22. Rxf3 Qxf3 23. Qd5+ Qxd5 24. Nxd5 exd4 25. Nxd4 Rfd8 26. c4 a5 27. Re1 Re8 28. Rc1 Reb8 29. c5 Rxb2 30. c6 Rd2 31. Nb6 Re8 32. Nf3 Rd6 33.
c7 Rxb6 34. c8=Q Rxc8 35. Rxc8+ Kf7 36. Rc2 g5 37. Nd4 Rb4 38. Nc6 Ra4 39. Re2 h5 40. Nd8+ Kg6 41. Nc6 h4 42. Ne7+ Kh5 43. Kg2 Kg4 44. f3+ Kf4 45. Nd5+ Kf5 46. Ne3+ Kf4 47.
Nd5+ Kf5 48. Nc3 Rc4 49. Ne4 Ra4 50. Nc5 Rc4 51. Nb3 a4 52. Nd2 Rb4 53. Nf1 g4 54.
Ne3+ Kf4 55. Nxg4 h3+ 56. Kf2 f5 57. Nh2 a3 58. Nf1 Rb2 59. Nd2 h2 60. Kg2 h1=Q+ 61. Kxh1 Rxa2 62. Kg2 Rb2 63. Kf2 a2 64. Nb3 Rxb3 65.
Rxa2 Rb4 66. Rc2 Ra4 67. Rd2 Rb4 68. Re2 Rc4 69. Rd2 Rb4 70. Ra2 Rc4 71. Rd2 Rb4 1/2-1/2

[Event "Early-Titled-Tuesday-Blitz-February-06-2024"]
[Site "Chess.com"]
[Date "2024.02.06"]
[Round "2"]
[White "Atousa"]
[Black "mary-sanna"]
[Result "1-0"]
[WhiteElo "2461"]
[BlackElo "2196"]
[TimeControl "180+1"]
[EndTime "8:18:26 PST"]
[Termination "Atousa won on time"]

1. e4 c5 2. Nf3 Nc6 3. b3 e5 4. Bb2 d6 5. Bc4 Be7 6. O-O Nf6 7. Re1 O-O 8. Nc3 h6 9. h3 Be6 10. d3 a6 11. a4 Rb8 12. Qd2 Nd4 13. Nh2 b5 14.
axb5 axb5 15. Bxe6 Nxe6 16. Ne2 Nh5 17. Ng3 Nxg3 18.
fxg3 Bg5 19. Qe2 Qc7 20. Bc3 Rfc8 21. Nf3 Be7 22. Nd2 Ra8 23. Rf1 Qb6 24. Kh2 Bf8 25. Qf2 Qc7 26. Nf3 c4 27. dxc4 bxc4 28. b4 Qb7 29. Nh4 Rxa1 30. Bxa1 Rc7 31. Qf3 Qxb4 32. Nf5 Qb7 33. Qg4 Ng5 34. Re1 Kh8 35. Bc3 Qc6 36. Bd2 d5 37. Bxg5 hxg5 38. Qxg5 dxe4 39. Rf1 Qg6 40. Qh4+ Kg8 41. Qd8 Ra7 42. Ne3 Qd6 43.
Qc8 Rc7 44. Qe8 Qe7 45. Qb5 Qc5 46. Qb8 Rc8 47. Qb7 Rc7 48. Qb8 Kh7 49. Ng4 f6 50.
Qe8 Qe7 51. Qh5+ Kg8 52. Ne3 Qf7 53. Qg4 Qd7 54. Nf5 Kf7 55. Qxe4 1-0

[Event "Early-Titled-Tuesday-Blitz-February-06-2024"]
[Site "Chess.com"]
[Date "2024.02.06"]
[Round "2"]
[White "Alexchess1984"]
[Black "APOKALIPSA13"]
[Result "0-1"]
[WhiteElo "2663"]
[BlackElo "2214"]
[TimeControl "180+1"]
[EndTime "8:18:27 PST"]
[Termination "APOKALIPSA13 won on time"]

1. e4 e5 2. Nf3 d5 3. Nxe5 Bd6 4. d4 dxe4 5. Nc3 Bxe5 6. dxe5 Qxd1+ 7. Nxd1 Nc6 8. Bf4 Bf5 9. Ne3 Be6 10. O-O-O Nge7 11. g4 Ng6 12. Bg3 Ngxe5 13. Bg2 Nf3 14. Bxf3 exf3 15.
Bxc7 Rc8 16. Bg3 Nb4 17. a3 Na6 18. Kb1 O-O 19. Rd4 h5 20. h3 f5 21. gxh5 Nc7 22. Rg1 Kh7 23. Be5 Rf7 24. Rf4 Ne8 25. Rxf3 Rc5 26.
Bd4 Rc6 27. Rf4 b6 28. Rh4 Kh6 29. Rg6+ Kh7 30. Rf4 Rd6 31. Ng2 Bd5 32. Nh4 Be4 33.
Bc3 Rd1+ 34. Ka2 Bxc2 35. Rc6 Be4 36. Rc8 Nd6 37. Rd8 Bd5+ 38. b3 Nb5 39. Bb2 Bxb3+ 40.
Kxb3 Rxd8 41. Rxf5 Rxf5 42. Nxf5 g6 43. hxg6+ Kxg6 44. Ne7+ Kf7 45. Nc6 Rd2 46. a4 Nd6 47. Nxa7 Rxf2 48.
Bd4 Rf3+ 49. Kb4 Rf4 50. Kc3 Rf3+ 51. Kb4 Rxh3 52. Bxb6 Rh1 53. a5 Rb1+ 54. Kc5 Ke6 0-1

[Event "Early-Titled-Tuesday-Blitz-February-06-2024"]
[Site "Chess.com"]
[Date "2024.02.06"]
[Round "2"]
[White "temiksmozg"]
[Black "FredddieCroderg"]
[Result "1-0"]
[WhiteElo "2617"]
[BlackElo "2354"]
[TimeControl "180+1"]
[EndTime "8:18:27 PST"]
[Termination "temiksmozg won by resignation"]

1. d4 Nf6 2. c4 e6 3. Nf3 d5 4. Nc3 Be7 5. Bg5 O-O 6. e3 Re8 7. Qc2 c5 8. cxd5 cxd4 9. Nxd4 Nxd5 10. Nxd5 exd5 11. Bxe7 Qxe7 12. Bd3 Nc6 13. Nxc6 bxc6 14. O-O Bd7 15. Bxh7+ Kh8 16. Bf5 g6 17. Bxd7 Qxd7 18. Rac1 Rac8 19. Qc3+ Kg8 20. Qd4 Re4 21. Qc5 Kh7 22.
Rfd1 Re5 23. Qd4 Rg5 24. Qh4+ Rh5 25. Qf6 Rf5 26. Qc3 Rg5 27. e4 Qg4 28. Qg3 Qxg3 29. hxg3 dxe4 30. Rd7 Kg7 31. Rxa7 Rd5 32. b4 Rd2 33. a4 Rb8 34. Rc4 Rb2 35. Rxe4 R8xb4 36. Ree7 Rb1+ 37. Kh2 Ra1 38. Rxf7+ Kh6 39. f4 g5 40. Rf6+ Kh5 41. Rh7+ Kg4 42. Rg6 Kf5 43. Rxg5+ Ke4 44. Rc5 Rbb1 45. Re5+ Kd4 46. Rd7+ Kc4 47. Kh3 c5 48. Kg4 Kb4 49. Rb7+ Kxa4 50. Rxb1 Rxb1 51. Rxc5 Rg1 52. Re5 Kb4 53. f5 Kc4 54. f6 Kd4 55. Rf5 Ra1 56. f7 Ra4 57. f8=Q Ke3+ 58. Kg5 Ke2 59. Qe8+ Kd1 60. Qxa4+ 1-0

[Event "Early-Titled-Tuesday-Blitz-February-06-2024"]
[Site "Chess.com"]
[Date "2024.02.06"]
[Round "2"]
[White "nihalsarin"]
[Black "Aslanov_Umid"]
[Result "1-0"]
[WhiteElo "3120"]
[BlackElo "2670"]
[TimeControl "180+1"]
[EndTime "8:18:28 PST"]
[Termination "nihalsarin won by checkmate"]

1. a3 d5 2. Nf3 Nf6 3. e3 g6 4. b4 Bg7 5. Bb2 O-O 6. c4 c6 7.
Be2 a5 8. h3 axb4 9. axb4 Rxa1 10. Bxa1 dxc4 11. Bxc4 Nbd7 12. O-O Nb6 13. Be2 Bf5 14.
Bd4 Nbd5 15. b5 cxb5 16. Bxb5 Qa5 17. Qb3 Qb4 18. Qxb4 Nxb4 19. Nc3 Bd3 20. Bxd3 Nxd3 21.
Rb1 Rb8 22. Ba7 Rd8 23. Rxb7 Rd7 24. Rb8+ Bf8 25. Bd4 Nd5 26. Nxd5 Rxd5 27. Kf1 Nc5 28. Ne5 Ne6 29. Nc6 Rd7 30. Bc3 f6 31. Ke2 Kf7 32. f4 Rc7 33. Rb6 Nc5 34. Bd4 Nd7 35. Ra6 Rc8 36. g4 Nb8 37. Nxb8 Rxb8 38. Kf3 Rb7 39.
h4 Rd7 40. Ra5 e6 41. g5 Bg7 42. gxf6 Bxf6 43. Bxf6 Kxf6 44. d4 Rc7 45. Ke4 Rd7 46.
h5 Kg7 47. Ke5 Kf7 48. h6 Rc7 49. Ra6 Re7 50. e4 Re8 51. Ra7+ Kg8 52. Rg7+ Kh8 53. Rf7 Rd8 54. Rf6 Rg8 55. Rxe6 g5 56. fxg5 Rxg5+ 57. Kf4 Rg8 58. d5 Rf8+ 59. Ke5 Kg8 60. d6 Kf7 61.
Rf6+ Ke8 62. Rxf8+ Kxf8 63. Kf6 Ke8 64. Ke6 Kd8 65.
d7 Kc7 66. Ke7 Kc6 67. d8=Q Kb7 68. Qd6 Kc8 69. Qc6+ Kb8 70. Kd7 Ka7 71. Qb5 Ka8 72. Kc7 Ka7 73. Qa5# 1-0

[Event "Early-Titled-Tuesday-Blitz-February-06-2024"]
[Site "Chess.com"]
[Date "2024.02.06"]
[Round "2"]
[White "Snegokhod"]
[Black "Szparu"]
[Result "0-1"]
[WhiteElo "2567"]
[BlackElo "2818"]
[TimeControl "180+1"]
[EndTime "8:18:28 PST"]
[Termination "Szparu won by checkmate"]

1. b3 c5 2. Bb2 Nc6 3. g3 e5 4. Bg2 d5 5. e3 Be7 6. Ne2 Nf6 7.
d3 h5 8. h3 Be6 9. Nd2 Qc7 10.
a3 O-O-O 11. Qc1 Nd7 12. c4 d4 13. exd4 exd4 14. Qc2 g5 15. O-O-O f5 16. Rde1 Bf7 17. Kb1 Rde8 18. Nc1 Bf6 19. Na2 a5 20. b4 cxb4 21. axb4 axb4 22. Nb3 Kb8 23. Qd2 Qd6 24. Bxc6 Qxc6 25.
Nxd4 Qb6 26. Nxf5 Bg6 27. g4 hxg4 28. hxg4 Rxh1 29. Rxh1 Bxb2 30. Qxb2 b3 31. Nc3 Nc5 32. Nd5 Qe6 33. Qg7 Qe2 34. Qc7+ Ka8 35. Qa5+ Na6 36. Qc3 Qa2+ 37. Kc1 Nc5 38. Nc7+ Kb8 39. Nxe8 b2+ 40. Kd2 b1=Q+ 41. Ke3 Qb6 42. Qe5+ Ka7 43. Nd4 Nb3 44. c5 Qxc5 45. Qxc5+ Nxc5 46. Nd6 Bxd3 47. Rc1 Qa5 48. Nc8+ Kb8 49. Nd6 Ba6 50. Nc4 Bxc4 51. Rxc4 Nd7 52. Ne6 Qe5+ 53. Re4 Qc3+ 54. Ke2 Ne5 55. Re3 Qc2+ 56. Ke1 Nxg4 57. Re2 Qc1# 0-1

[Event "Early-Titled-Tuesday-Blitz-February-06-2024"]
[Site "Chess.com"]
[Date "2024.02.06"]
[Round "2"]
[White "Smiechu"]
[Black "bogcsab"]
[Result "0-1"]
[WhiteElo "2420"]
[BlackElo "2287"]
[TimeControl "180+1"]
[EndTime "8:18:28 PST"]
[Termination "bogcsab won by resignation"]

1. e4 d6 2. d4 Nf6 3. Nc3 g6 4. Be3 Ng4 5. Bg5 f6 6. Bh4 Bg7 7. Ke2 O-O 8. f3 Nh6 9. Bf2 e6 10. Qd2 c6 11. Re1 d5 12. Kd1 Nf7 13. h4 dxe4 14.
fxe4 e5 15. Nf3 Be6 16. h5 g5 17. Kc1 Na6 18. Kb1 Nc7 19. Qe3 Qe7 20. dxe5 fxe5 21. h6 Bxh6 22. g4 Bg7 23. Nd2 h6 24. Qh3 b5 25.
Ne2 Qb4 26. c3 Qa4 27. Nc1 Rfd8 28. Bd3 b4 29. Bc2 Qa5 30. Ndb3 Qb5 31. Nc5 Bc4 32.
cxb4 Qxb4 33. Bb3 Bxb3 34. Qxb3 Qxb3 35. N1xb3 Nb5 36. Ne6 Rd6 37. Nxg7 Kxg7 38. Rc1 Rad8 39. Na5 Nd4 40. Bxd4 exd4 41. Nxc6 Re8 42. Rhe1 d3 43. Red1 Rxe4 44. Rc3 d2 45. Kc2 Re2 46. Nb4 Rg2 47. Rd3 Rxd3 48. Nxd3 Rxg4 49. Rxd2 h5 50. Rf2 h4 51.
Rxf7+ Kxf7 52. Ne5+ Kf6 53. Nxg4+ Kf5 54. Ne3+ Kf4 55.
Kd3 h3 56. Nf1 Kf3 57. b4 g4 58. Ne3 h2 59. Nd1 h1=Q 60. Ne3 Qb1+ 0-1

[Event "Early-Titled-Tuesday-Blitz-February-06-2024"]
[Site "Chess.com"]
[Date "2024.02.06"]
[Round "2"]
[White "allvim"]
[Black "Siemba"]
[Result "1/2-1/2"]
[WhiteElo "2352"]
[BlackElo "2527"]
[TimeControl "180+1"]
[EndTime "8:18:29 PST"]
[Termination "Game drawn by repetition"]

1. e4 e5 2. Nf3 Nc6 3. Bc4 Nf6 4. O-O Nxe4 5. Nc3 Nxc3 6. dxc3 Be7 7. Qd5 O-O 8. Nxe5 Nxe5 9. Qxe5 Bf6 10. Qh5 g6 11. Qf3 c6 12. Re1 d5 13. Bd3 Be6 14. Bh6 Bg7 15.
Bxg7 Kxg7 16. Re2 Qb6 17. b3 Qc5 18. c4 dxc4 19. Bxc4 Bxc4 20. Qc3+ Kg8 21. bxc4 Rfe8 22. Rae1 Rxe2 23. Rxe2 Rd8 24. g3 Qd4 25. Re8+ Kg7 26.
Qxd4+ Rxd4 27. Re7 b6 28. c5 Rc4 29. Rxa7 Rxc5 30. Ra6 b5 31. a4 Rxc2 32. axb5 cxb5 33.
Rb6 Rc5 34. Kg2 h5 35. h4 Kf8 36.
Rb7 Ke8 37. Kf3 Re5 38. Kf4 Rf5+ 39. Ke4 Kd8 40. f4 Kc8 41. Re7 b4 42. Kd4 b3 43.
Kc3 Rb5 44. Kb2 Rb7 45. Rxb7 Kxb7 46. Kxb3 Kc6 47. Kc4 Kd6 48. Kd4 Ke6 49. Ke4 Kf6 50. f5 gxf5+ 51. Kf4 Ke6 52. Kg5 Ke5 53. Kxh5 f4 54.
Kg4 fxg3 55. Kxg3 Kf5 56. Kf3 f6 57. h5 Kg5 58. h6 Kxh6 59. Kf4 Kg6 60. Kg4 Kf7 61.
Kf4 Ke7 62. Ke4 Ke6 63. Kf4 f5 64. Kf3 Ke5 65. Ke3 Kf6 66. Kf3 Kg6 67. Kg3 Kg5 68.
Kf3 f4 69. Kf2 Kf5 70. Ke2 Ke4 71. Kf2 f3 72. Kf1 Kf4 73. Kf2 Kg4 74. Kf1 Kg3 75. Kg1 Kf4 76. Kf2 Ke4 77. Kf1 Kd3 78. Kf2 Ke4 1/2-1/2

[Event "Early-Titled-Tuesday-Blitz-February-06-2024"]
[Site "Chess.com"]
[Date "2024.02.06"]
[Round "2"]
[White "Aash20"]
[Black "Kaissa10"]
[Result "0-1"]
[WhiteElo "2481"]
[BlackElo "2292"]
[TimeControl "180+1"]
[EndTime "8:18:29 PST"]
[Termination "Kaissa10 won by checkmate"]

1. e4 c5 2. Nf3 Nc6 3. Bb5 g6 4. O-O Bg7 5. Bxc6 dxc6 6. Re1 Bg4 7. h3 Bxf3 8. Qxf3 e5 9. d3 h6 10. b3 Nf6 11. Bb2 Nd7 12. Nd2 O-O 13. Nc4 Qe7 14. Qg3 b5 15. Ne3 Rfe8 16. a4 a6 17. axb5 axb5 18. Qf3 Qe6 19. Kh2 Nb6 20. Qe2 Kh7 21. Rxa8 Rxa8 22. Ra1 Rxa1 23. Bxa1 Qc8 24. Qf3 Kg8 25.
Qg3 Nd7 26. Ng4 Qb8 27. Kh1 h5 28. Ne3 Qa7 29. Bb2 Qa2 30. Bc3 b4 31. Bd2 Qb1+ 32. Kh2 Bh6 33. Nf1 Bxd2 34. Nxd2 Qxc2 35. Qe3 Kg7 36.
g4 hxg4 37. hxg4 Nf6 38. Kg3 Qd1 39. Nf3 Qc2 40. Nxe5 Qxb3 41. Nxc6 Qc3 42. g5 Nh5+ 43. Kf3 b3 44. Ne7 b2 45. Nd5 Qd4 46. Qe1 Qxd3+ 47. Kg2 b1=Q 48. Qxb1 Qxb1 49. f3 Qc2+ 50. Kh3 Qd1 51.
f4 Qf3+ 52. Kh2 Nxf4 53. Nxf4 Qxf4+ 54. Kh3 Qxe4 55. Kg3 Qf5 56. Kh4 c4 57. Kg3 c3 58.
Kh4 c2 59. Kg3 c1=Q 60. Kh4 Qcf4# 0-1

[Event "Early-Titled-Tuesday-Blitz-February-06-2024"]
[Site "Chess.com"]
[Date "2024.02.06"]
[Round "2"]
[White "Eagle_2019"]
[Black "Russian_berezka"]
[Result "1-0"]
[WhiteElo "2853"]
[BlackElo "2585"]
[TimeControl "180+1"]
[EndTime "8:18:30 PST"]
[Termination "Eagle_2019 won by resignation"]

1. d4 Nf6 2. Bg5 d5 3. Bxf6 gxf6 4. e3 c5 5. Nf3 Nc6 6. dxc5 e6 7.
c4 dxc4 8. Nbd2 c3 9. bxc3 Bxc5 10. Be2 Rg8 11. O-O f5 12. Nd4 Bd7 13. Nc4 Qe7 14. Nb5 Kf8 15. Bf3 Rd8 16. Qb3 a6 17.
Nd4 Bxd4 18. cxd4 b5 19. Nb6 Be8 20. Qc3 Qb4 21. Rac1 Qxc3 22. Rxc3 Ne7 23. Rfc1 f4 24. Rc7 Nf5 25. R1c3 Nh4 26. Be4 Nxg2 27. Kf1 Nh4 28. Rc8 Rxc8 29. Rxc8 Ke7 30. exf4 Rg4 31. Rc7+ Kf6 32.
Nc8 Rxf4 33. Nd6 Kg5 34. Bxh7 Rxd4 35. Nxe8 Kf4 36. Rxf7+ Ke5 37. Bc2 Rd2 38. Bb3 Nf5 39.
Nc7 Nd4 40. Nxa6 Rb2 41. Nc5 Rb1+ 42. Kg2 Kd6 43. Ne4+ Ke5 44. Nd2 Rb2 45. Nf3+ Nxf3 46.
Rxf3 Kd6 47. h4 e5 48. h5 e4 49. Rf5 b4 50. h6 1-0

[Event "Early-Titled-Tuesday-Blitz-February-06-2024"]
[Site "Chess.com"]
[Date "2024.02.06"]
[Round "2"]
[White "jup1978"]
[Black "Irina_Mikhaylova"]
[Result "1/2-1/2"]
[WhiteElo "2525"]
[BlackElo "2348"]
[TimeControl "180+1"]
[EndTime "8:18:30 PST"]
[Termination "Game drawn by repetition"]

1. d4 Nf6 2. Nf3 g6 3. c4 Bg7 4.
Nc3 d5 5. Bf4 O-O 6. e3 c5 7.
dxc5 Qa5 8. Qd2 dxc4 9. Bxc4 Qxc5 10. Qd4 Nbd7 11. O-O Qxd4 12. exd4 Nb6 13. Bb3 Bf5 14. Ne5 Ne4 15. Rfe1 Nxc3 16. bxc3 Rac8 17. Rac1 Bf6 18. h3 Bxe5 19. Bxe5 Nc4 20. Bf4 Be6 21. Re2 Rfd8 22. Rd1 Kg7 23. f3 b5 24. Kf2 Rd7 25. Bc1 Bd5 26.
Rde1 e6 27. f4 Nb6 28. Bd2 Bc4 29. Re5 Nd5 30. Rc1 Rcc7 31. g4 Rc6 32. a3 Rdc7 33. f5 Bxb3 34. fxe6 Rxe6 35. Rxe6 fxe6 36. Bg5 Rf7+ 37.
Kg3 h6 38. Bd2 g5 39. Re1 Re7 40. h4 Nf4 41. hxg5 hxg5 42. Re5 Kf6 43. Rxb5 Bd5 44.
Rc5 Rb7 45. c4 Be4 46. Bb4 Bd3 47. d5 exd5 48. cxd5 Rd7 49. d6 Rxd6 50. Rc7 Rd5 51. Rxa7 Ne6 52. Be7+ Kg6 53. Bb4 Be4 54. Re7 Rd3+ 55.
Kf2 Kf6 56. Re8 Ke5 57. a4 Rb3 58. Be7 Kd5 59. a5 Rb2+ 60. Ke3 Rb3+ 61. Kd2 Nf4 62. Bxg5 Nd3 63. Rd8+ Kc4 64. Rc8+ Kd5 65. Rd8+ Kc4 66. Rc8+ Kd5 67. Rd8+ 1/2-1/2

[Event "Early-Titled-Tuesday-Blitz-February-06-2024"]
[Site "Chess.com"]
[Date "2024.02.06"]
[Round "2"]
[White "Jenia84"]
[Black "VomDingJetztHer"]
[Result "1/2-1/2"]
[WhiteElo "2291"]
[BlackElo "2495"]
[TimeControl "180+1"]
[EndTime "8:18:31 PST"]
[Termination "Game drawn - insufficient material"]

1. e4 a6 2. a4 e5 3. c3 Nf6 4. d3 Nc6 5. g3 Bc5 6. Bg2 Ba7 7. Ne2 d6 8. O-O O-O 9. b4 Ne7 10. Be3 Bxe3 11. fxe3 Ng6 12. Qe1 Ng4 13. Nc1 Qg5 14.
Rf3 f5 15. exf5 Rxf5 16. Rxf5 Bxf5 17. Bxb7 Ra7 18. Bd5+ Kh8 19. e4 Bd7 20. Nd2 Ne3 21.
Nf3 Qh6 22. Qd2 c6 23. Bb3 Bg4 24. Ne1 d5 25. Ng2 d4 26. cxd4 exd4 27. Ne2 Nxg2 28. Qxh6 gxh6 29. Nxd4 Ne3 30. Nxc6 Rc7 31. b5 Bd7 32.
Bd5 Nxd5 33. exd5 axb5 34. axb5 Kg7 35. b6 Rb7 36. Ra7 Bc8 37. d6 Nf8 38. Ne5 Kf6 39. d4 Ke6 40. Nc4 Rxa7 41. bxa7 Bb7 42. Nb6 Kxd6 43.
a8=Q Bxa8 44. Nxa8 Kc6 45. d5+ Kb7 46. Kf2 Kxa8 47.
Ke3 Kb7 48. Kd4 Kc7 49. Ke5 Kd7 50. Kf6 Kd6 51. Kg7 Nd7 52. Kxh7 h5 53. Kg6 Kxd5 54. Kxh5 Ke6 55. Kg6 Ne5+ 56. Kg7 Kf5 57. h4 Ng4 58. h5 Kg5 59. h6 Nxh6 60. Kh7 Ng4 61. Kg7 Ne3 62. Kf7 Kg4 63. Ke6 Ng2 64. Ke5 Kxg3 1/2-1/2

[Event "Early-Titled-Tuesday-Blitz-February-06-2024"]
[Site "Chess.com"]
[Date "2024.02.06"]
[Round "2"]
[White "alexrustemov"]
[Black "Juwen"]
[Result "1/2-1/2"]
[WhiteElo "2768"]
[BlackElo "2559"]
[TimeControl "180+1"]
[EndTime "8:18:33 PST"]
[Termination "Game drawn by repetition"]

1. d4 Nf6 2. c4 e6 3. Nf3 Bb4+ 4.
Bd2 Qe7 5. g3 Bxd2+ 6. Qxd2 Nc6 7. a3 O-O 8. Bg2 d6 9. Nc3 e5 10. O-O Bg4 11. dxe5 dxe5 12. Nd5 Nxd5 13. cxd5 Bxf3 14.
dxc6 Bxg2 15. Kxg2 bxc6 16. Rac1 Rfd8 17. Qe3 Rd6 18. Rc5 f6 19. Rfc1 Qe6 20. Qc3 Rb8 21. b4 Rb6 22. Ra5 a6 23. Rc5 h6 24. h4 Qg4 25.
Rc2 Qf5 26. f3 Qe6 27. h5 e4 28. g4 exf3+ 29. exf3 Rd5 30. Rxc6 Rxc6 31. Qxc6 Rd2+ 32. Kh3 Qxc6 33. Rxc6 Rd3 34. Rxa6 Rxf3+ 35. Kg2 Rc3 36. b5 Kf7 37. a4 Ke7 38. Ra7 Kd6 39. a5 Rb3 40. Rb7 Ra3 41. a6 Ra4 42. Kf3 Ra3+ 43. Kf4 Ra4+ 44. Kf5 Rb4 45. a7 Ra4 46. b6 cxb6 47. Rxb6+ Kc7 48. Re6 Kd7 49. Rb6 Rxa7 50. Kg6 Ra4 51. Kxg7 Rxg4+ 52. Kxh6 Ke7 53. Kh7 f5 54.
Rg6 Rh4 55. h6 Kf7 56. Rg5 Kf6 57. Rg8 f4 58. Rf8+ Ke7 59. Rf5 Ke6 60. Rf8 Ke7 61. Rf5 Ke6 62. Rf8 Ke7 1/2-1/2